 Dungeon Crawl Stone Soup version 0.31-a0-1104-g3bd3108 (webtiles) character file.

Game seed: 13645731753834539018

431 blake the Ducker (level 7, -4/59 HPs)
             Began as a Gnoll Monk on Dec 2, 2023.
             Slain by Crazy Yiuf
             ... wielding a +4 quarterstaff of chaos
              (17 damage)
             ... on level 4 of the Dungeon.
             The game lasted 00:07:14 (2040 turns).

blake the Ducker (Gnoll Monk)                       Turns: 2040, Time: 00:07:15

Health: -4/59      AC:  2    Str: 10    XL:     7   Next: 0%
Magic:  10/10      EV: 15    Int: 12    God:
Gold:   210        SH:  0    Dex: 14    Spells: 10/10 levels left

rFire   . . .        e - +2 dagger (vamp)
rCold   . . .        d - orb {light}
rNeg    . . .        b - +0 robe
rPois   .            (no helmet)
rElec   .            (no cloak)
rCorr   .            (no gloves)
SInv    .            (no boots)
Will    .....        v - amulet of regeneration
Stlth   +            (no ring)
HPRegen 1.09/turn    (no ring)
MPRegen 0.12/turn

%: no passive effects
@: glowing
A: fangs 1, strong nose, distributed training
a: no special abilities


You were on level 4 of the Dungeon.
You visited 1 branch of the dungeon, and saw 4 of its levels.
You also visited: Ossuary.

You collected 240 gold pieces.
You spent 30 gold pieces at shops.

Inventory:

Hand Weapons
 a - a +0 short sword
 e - a +2 vampiric dagger (weapon)
Missiles
 m - 3 poisoned darts
Armour
 b - a +0 robe (worn)
 d - an orb of light (worn)
Jewellery
 h - a ring of positive energy
 q - a ring of fire
 v - an amulet of regeneration (around neck)
Wands
 w - a wand of charming (8)
 x - a wand of polymorph (10)
Scrolls
 f - a scroll of fog {unknown}
 g - a scroll of noise {unknown}
 j - a scroll of poison {unknown}
 k - 4 scrolls of identify {unknown}
 o - 2 scrolls of fear {unknown}
 p - a scroll of brand weapon {unknown}
 u - a scroll of blinking {unknown}
 y - 3 scrolls of teleportation {unknown}
Potions
 c - 3 potions of ambrosia
 i - 3 potions of curing
 l - a potion of enlightenment {unknown}
 n - 3 potions of haste {unknown}
 r - a potion of brilliance {unknown}
 s - a potion of heal wounds {unknown}
 t - a potion of lignification {unknown}
 z - a potion of invisibility {unknown}
 A - 4 potions of attraction {unknown}
 B - a potion of might {unknown}


   Skills:
 + Level 6.9 Fighting
 + Level 6.9 Short Blades
 + Level 2.2 Long Blades
 + Level 2.2 Axes
 + Level 2.2 Maces & Flails
 + Level 2.2 Polearms
 + Level 2.2 Staves
 + Level 2.2 Ranged Weapons
 + Level 2.2 Throwing
 + Level 2.2 Armour
 + Level 6.9 Dodging
 + Level 2.2 Stealth
 + Level 2.2 Shields
 + Level 2.2 Unarmed Combat
 + Level 2.2 Spellcasting
 + Level 1.8 Conjurations
 + Level 1.8 Hexes
 + Level 1.8 Summonings
 + Level 1.8 Necromancy
 + Level 1.8 Translocations
 + Level 1.8 Transmutations
 + Level 1.8 Fire Magic
 + Level 1.8 Ice Magic
 + Level 1.8 Air Magic
 + Level 1.8 Earth Magic
 + Level 1.8 Poison Magic
 + Level 2.5 Invocations
 + Level 2.2 Evocations
 + Level 2.0 Shapeshifting


You had 10 spell levels left.
You didn't know any spells.
Your spell library contained the following spells:

 Spells                   Type           Power      Damage    Failure   Level
 Necrotise                Necr           20%        1d5       13%         1
 Vampiric Draining        Necr           5%         2d6       36%         3
 Agony                    Necr           5%         N/A       98%         5
 Summon Forest            Summ/Tloc      2%         N/A       98%         5
 Eringya's Noxious Bog    Tmut/Pois      2%         4d6       100%        6
 Summon Hydra             Summ           2%         N/A       100%        7


Dungeon Overview and Level Annotations

Branches:
Dungeon (4/15)            Ossuary (visited)
 Temple: D:4-7

Altars:
Elyvilon
Qazlal

Shops:
D:1 !

Annotations:
D:4 Crazy Yiuf


Innate Abilities, Weirdness & Mutations

You have very sharp teeth.
Your uncanny sense of smell can sniff out nearby items.
Your experience applies equally to all skills.


Message History

You see here a scorpion corpse.
There is a stone staircase leading up here.
You see here a scorpion corpse.
Items here: ))) รทรทรท.
You hit the fungus.
The fungus begins to die.
The fungus is lightly damaged.
You hit the fungus. You bite the fungus.
The fungus is lightly damaged.
You hit the fungus.
The fungus is lightly damaged.
You hit the fungus.
The fungus is lightly damaged.
You hit the fungus.
The fungus is lightly damaged.
You hit the fungus.
The fungus is lightly damaged.
You hit the fungus.
The fungus is lightly damaged.
A nearby fungus withers and dies.
Found a hammer.
Found a runed translucent door.
Crazy Yiuf shouts!
You open the door. You hit Crazy Yiuf.
Crazy Yiuf is moderately wounded.
You hit Crazy Yiuf but do no damage. You bite Crazy Yiuf, but do no damage.
Crazy Yiuf is moderately wounded.
Crazy Yiuf hits you with a +4 quarterstaff of chaos!
You are electrocuted!
You hit Crazy Yiuf but do no damage.
Crazy Yiuf is moderately wounded.
Crazy Yiuf hits you with a +4 quarterstaff of chaos!
Crazy Yiuf burns you!
You barely miss Crazy Yiuf.
Crazy Yiuf is moderately wounded.
Crazy Yiuf screams, "Citrus childish broken!"
Crazy Yiuf attacks as he pursues you!
Crazy Yiuf hits you with a +4 quarterstaff of chaos!
* * * LOW HITPOINT WARNING * * *
Space warps horribly around you!
You die...

####..#
##.# #####
#.# #)..#
#.# #...#
#.# ... #.#
#'# #.#
#.## #.#
##g# #.#
#@## #.#
##.# #.#
#.## #.#
###P.# #.#
#PP.P# #.#
##..## #.##
#....#
#..###...##
##......##


You could see Crazy Yiuf.

Vanquished Creatures
  A scorpion (D:4)
  2 water moccasin zombies (Ossuary)
  An iguana (D:4)
  Natasha (twice) (D:3)
  2 mummies (Ossuary)
  5 adders
  5 adder zombies (Ossuary)
  3 worms
  4 dart slugs
  6 orcs (D:4)
  4 endoplasms
  3 giant cockroaches
  5 gnoll zombies (Ossuary)
  4 hobgoblins
  2 quokkas
  5 ball pythons
  3 bats
  2 frilled lizards
  8 goblins
  5 hobgoblin zombies (Ossuary)
  6 kobolds
  4 kobold zombies (Ossuary)
  6 orc zombies (Ossuary)
  6 rats
94 creatures vanquished.

Notes
Turn   | Place    | Note
-------+----------+-------------------------------------------
     0 | D:1      | blake the Gnoll Monk began the quest for the Orb.
     0 | D:1      | Reached XP level 1. HP: 23/23 MP: 1/1
   248 | D:1      | Reached XP level 2. HP: 25/29 MP: 2/2
   298 | D:1      | Found Jeidiogh's Distillery.
   307 | D:1      | Bought a potion of curing for 30 gold pieces
   508 | D:2      | Reached XP level 3. HP: 34/35 MP: 2/4
   520 | D:2      | Reached skill level 1 in Invocations
   604 | D:2      | Reached skill level 1 in Long Blades
   604 | D:2      | Reached skill level 1 in Axes
   604 | D:2      | Reached skill level 1 in Maces & Flails
   604 | D:2      | Reached skill level 1 in Polearms
   604 | D:2      | Reached skill level 1 in Staves
   604 | D:2      | Reached skill level 1 in Ranged Weapons
   604 | D:2      | Reached skill level 1 in Throwing
   604 | D:2      | Reached skill level 1 in Armour
   604 | D:2      | Reached skill level 1 in Stealth
   604 | D:2      | Reached skill level 1 in Shields
   604 | D:2      | Reached skill level 1 in Unarmed Combat
   604 | D:2      | Reached skill level 1 in Spellcasting
   604 | D:2      | Reached skill level 1 in Evocations
   763 | D:3      | Noticed Natasha
   775 | D:3      | Killed Natasha
   776 | D:3      | Reached skill level 1 in Shapeshifting
   776 | D:3      | Reached XP level 4. HP: 33/41 MP: 5/5
   878 | D:3      | Reached skill level 1 in Conjurations
   878 | D:3      | Reached skill level 1 in Hexes
   878 | D:3      | Reached skill level 1 in Summonings
   878 | D:3      | Reached skill level 1 in Necromancy
   878 | D:3      | Reached skill level 1 in Translocations
   878 | D:3      | Reached skill level 1 in Transmutations
   878 | D:3      | Reached skill level 1 in Fire Magic
   878 | D:3      | Reached skill level 1 in Ice Magic
   878 | D:3      | Reached skill level 1 in Air Magic
   878 | D:3      | Reached skill level 1 in Earth Magic
   878 | D:3      | Reached skill level 1 in Poison Magic
   994 | D:3      | Noticed Natasha
  1018 | D:3      | Killed Natasha
  1019 | D:3      | Reached XP level 5. HP: 41/47 MP: 5/7
  1076 | D:3      | You fall into a shaft and drop 1 floor!
  1094 | D:4      | Found a stormy altar of Qazlal.
  1129 | D:4      | Found a white marble altar of Elyvilon.
  1245 | D:4      | Found a sand-covered staircase.
  1251 | Ossuary  | Entered an ossuary
  1359 | Ossuary  | Reached XP level 6. HP: 38/53 MP: 8/8
  1838 | D:4      | Reached XP level 7. HP: 58/59 MP: 10/10
  2030 | D:4      | Found a runed translucent door.
  2031 | D:4      | Noticed Crazy Yiuf
  2040 | D:4      | Slain by Crazy Yiuf

Illustrated notes

Levels and vault maps discovered:
D:1:      giann_forest_graveyard, layout_basic,
          shapermc_ecumenical_altar_mp_highgroup, serial_shops, shop,
          chequers_serial_rivers_small_b
D:2:      layout_basic, grunt_ministairs_6, minmay_misc_feat_tower,
          nicolae_underground_beach
D:3:      layout_loops_ring, mainiacjoe_overflow_catch_the_wave,
          nrook_mini_vaults, minmay_box_of_dots, uniq_natasha, uniq_robin
D:4:      layout_rooms, amcnicky_altar_gilded, mainiacjoe_overflow_catwalk,
          enter_ossuary_2, uniq_crazy_yiuf_cottage

Skill      XL: |  1  2  3  4  5  6 |
---------------+-------------------+-----
Invocations    | 1 2 |  2.5
Long Blades    | 1 2 |  2.2
Axes           | 1 2 |  2.2
Maces & Flails | 1 2 |  2.2
Polearms       | 1 2 |  2.2
Staves         | 1 2 |  2.2
Ranged Weapons | 1 2 |  2.2
Throwing       | 1 2 |  2.2
Armour         | 1 2 |  2.2
Stealth        | 1 2 |  2.2
Shields        | 1 2 |  2.2
Unarmed Combat | 1 2 |  2.2
Spellcasting   | 1 2 |  2.2
Evocations     | 1 2 |  2.2
Shapeshifting  | 1 2 |  2.0
Conjurations   | 1 |  1.8
Hexes          | 1 |  1.8
Summonings     | 1 |  1.8
Necromancy     | 1 |  1.8
Translocations | 1 |  1.8
Transmutations | 1 |  1.8
Fire Magic     | 1 |  1.8
Ice Magic      | 1 |  1.8
Air Magic      | 1 |  1.8
Earth Magic    | 1 |  1.8
Poison Magic   | 1 |  1.8
Fighting       | |  6.9
Short Blades   | |  6.9
Dodging        | |  6.9

Action                     |  1- 3 |  4- 6 |  7- 9 || total
---------------------------+-------+-------+-------++-------
  Melee: Dagger            |    95 |   348 |    11 ||   454
         Bite              |    11 |    67 |     2 ||    80
 Armour: Robe              |    28 |    88 |     3 ||   119
  Dodge: Dodged            |    49 |   163 |       ||   212

Table legend: (Time is in decaauts)
 A = Elapsed time spent in this place.
 B = Non-inter-level travel time spent in this place.
 C = Inter-level travel time spent in this place.
 D = Time resting spent in this place.
 E = Time spent auto-exploring this place.
 F = Levels seen in this place.
 G = Mean time per level.
                   A        B        C        D        E       F      G
               +--------+--------+--------+--------+--------+-----+--------+
         Total |   1890 |   1731 |    159 |      0 |   1139 |   5 |  378.0 |
       Dungeon |   1675 |   1516 |    159 |      0 |   1060 |   4 |  418.8 |
       Ossuary |    215 |    215 |      0 |      0 |     79 |   1 |  215.0 |
               +--------+--------+--------+--------+--------+-----+--------+

Top non-repeatable levels by time:
     D:4: 646 daAuts
     D:3: 369 daAuts
     D:1: 336 daAuts
     D:2: 323 daAuts
 Ossuary: 215 daAuts
